 Dungeon Crawl Stone Soup version 0.29-a0-284-gf9362112df (webtiles) character file.

Game seed: 4441927027608510179

4086 epen the Archer (level 10, -3/77 HPs)
             Began as a Gnoll Hunter on Mar 14, 2022.
             Was an Initiate of Gozag.
             Killed by nerve-wracking pain
             ... invoked by a shadow imp
              (11 damage)
             ... on level 7 of the Dungeon.
             The game lasted 00:09:43 (7931 turns).

epen the Archer (Gnoll Hunter)                      Turns: 7931, Time: 00:09:43

Health: -3/77      AC: 14    Str: 11      XL:     10   Next: 25%
Magic:  17/17      EV: 23    Int:  9      God:    Gozag
Gold:   184        SH:  5    Dex: 17 (19) Spells: 19/19 levels left

rFire   . . .      SeeInvis .   y - +6 flail (protect)
rCold   . . .      Faith    .   (no shield)
rNeg    . . .      Spirit   .   b - +0 leather armour
rPois   .          Reflect  +   l - +1 helmet
rElec   .          Harm     .   u - +0 cloak
rCorr   .          Rampage  .   (no gloves)
Will    .....                   (no boots)
Stlth   +++.......              f - amulet of reflection
HPRegen 0.22/turn               j - +4 ring of evasion
MPRegen 0.15/turn               v - +4 ring of evasion

@: under a protective aura
A: fangs 1, strong nose, distributed training
a: Renounce Religion, Potion Petition, Call Merchant, Bribe Branch


You were on level 7 of the Dungeon.
You worshipped Gozag.
Gozag was aware of your devotion.
You visited 2 branches of the dungeon, and saw 8 of its levels.

You collected 1047 gold pieces.
You spent 817 gold pieces at shops.
You paid 46 gold pieces to Gozag.

Inventory:

Hand Weapons
 a - a +2 shortbow
 o - the +5 short sword of Focus {protect, rCorr Str-5 Int+5}
   (You found it on level 2 of the Dungeon)

   It grants its wielder temporary protection when it strikes (+7 to AC).
   Str:       It affects your strength (-5).
   Int:       It affects your intelligence (+5).
   rCorr:     It protects you from acid and corrosion.
 r - the +8 shortbow "Oneupon" {freeze, rN+ Str+3}
   (You bought it in a shop on level 1 of the Dungeon)

   Any ammunition fired from it freezes those it strikes, dealing additional
   cold damage.
   It can also slow down cold-blooded creatures.
   Str:       It affects your strength (+3).
   rN:        It protects you from negative energy.
 y - a +6 flail of protection (weapon)
Missiles
 n - a throwing net
Armour
 b - a +0 leather armour (worn)
 l - a +1 helmet (worn)
 u - a +0 cloak (worn)
 B - a +1 chain mail of cold resistance
Jewellery
 f - an amulet of reflection (around neck)
 j - a +4 ring of evasion (left hand)
 m - a ring of positive energy
 s - a ring of protection from fire
 v - a +4 ring of evasion (right hand)
 x - a ring of see invisible
 E - an amulet of magic regeneration
Wands
 D - a wand of flame (27)
 F - a wand of iceblast (8)
Scrolls
 c - a scroll of immolation
 p - a scroll of enchant weapon
 q - a scroll of fog
 G - a scroll of fear
 H - 3 scrolls of amnesia
Potions
 d - 2 potions of lignification
 e - a potion of flight {unknown}
 i - a potion of magic {unknown}
 k - 5 potions of attraction
 t - a potion of invisibility
 w - a potion of haste
 z - a potion of brilliance
 A - a potion of cancellation


   Skills:
 + Level 6.9 Fighting
 + Level 5.1 Short Blades
 + Level 5.1 Long Blades
 + Level 5.1 Axes
 + Level 5.1 Maces & Flails
 + Level 5.1 Polearms
 + Level 5.1 Staves
 + Level 5.1 Slings
 + Level 10.0 Bows
 + Level 5.1 Crossbows
 + Level 5.1 Throwing
 + Level 5.1 Armour
 + Level 6.9 Dodging
 + Level 5.7 Stealth
 + Level 5.1 Shields
 + Level 5.1 Unarmed Combat
 + Level 5.1 Spellcasting
 + Level 4.2 Conjurations
 + Level 4.2 Hexes
 + Level 4.2 Summonings
 + Level 4.2 Necromancy
 + Level 4.2 Translocations
 + Level 4.2 Transmutations
 + Level 4.2 Fire Magic
 + Level 4.2 Ice Magic
 + Level 4.2 Air Magic
 + Level 4.2 Earth Magic
 + Level 4.2 Poison Magic
 + Level 5.6 Invocations
 + Level 5.1 Evocations


You had 19 spell levels left.
You didn't know any spells.
Your spell library contained the following spells:

 Spells                   Type           Power      Damage    Failure   Level
 Animate Skeleton         Necr           18%        N/A       5%          1
 Pain                     Necr           36%        1d5       5%          1
 Ensorcelled Hibernation  Hex/Ice        18%        N/A       9%          2
 Passwall                 Tmut/Erth      7%         N/A       9%          2
 Scorch                   Fire           18%        2d6       9%          2
 Call Canine Familiar     Summ           9%         N/A       16%         3
 Portal Projectile        Hex/Tloc       18%        N/A       16%         3
 Swiftness                Air            9%         N/A       16%         3
 Vampiric Draining        Necr           9%         2d6       16%         3
 Cause Fear               Hex            4%         N/A       47%         4
 Flame Wave               Conj/Fire      9%         2d5       47%         4
 Leda's Liquefaction      Hex/Erth       4%         N/A       47%         4
 Summon Cactus Giant      Summ           4%         N/A       100%        6
 Dragon Form              Tmut           4%         N/A       100%        7
 Dragon's Call            Summ           4%         N/A       100%        9


Dungeon Overview and Level Annotations

Branches:
Dungeon (7/15)             Temple (1/1) D:4

Altars:
Ashenzari
Cheibriados
Dithmenos
Elyvilon
Fedhas
Gozag
Hepliaklqana
Kikubaaqudgha
Makhleb
Nemelex Xobeh
Okawaru
Qazlal
Ru
Sif Muna
Trog
Uskayaw
Vehumet
Wu Jian
Yredelemnul
Zin
The Shining One

Shops:
D:1 (

Annotations:
D:6 3 runed translucent doors, Grinfader's ghost, amateur TrCA
D:7 1 transporter


Innate Abilities, Weirdness & Mutations

You have very sharp teeth.
Your uncanny sense of smell can sniff out nearby items.
Your experience applies equally to all skills.


Message History

The kobold demonologist completely misses you.
You sock the kobold demonologist!
You kill the kobold demonologist!
The shadow imp disappears in a puff of smoke!
The smoke demon disappears in a puff of smoke!
The quasit disappears in a puff of smoke!
The shadow imp disappears in a puff of smoke!
The orc priest mumbles some strange prayers to Beogh against you.
Beogh smites you!
* * * LOW HITPOINT WARNING * * *
Okay, then.
You feel better. The shadow imp completely misses you.
You barely miss the shadow imp. Your bite misses the shadow imp.
The shadow imp misses you.
You barely miss the shadow imp. The shadow imp completely misses you.
The shadow imp lashes its tail.
You closely miss the shadow imp. Your punch misses the shadow imp.
The shadow imp gestures at you. Pain shoots through your body!
* * * LOW HITPOINT WARNING * * *
The shadow imp laughs crazily.
The shadow imp disappears for a moment.
The shadow imp closely misses you.
The shadow imp is distracted by your dazzling golden aura.
You sock the shadow imp!
Your weapon exudes an aura of protection.
The shadow imp is severely wounded.
You block the shadow imp's attack.
You barely miss the shadow imp.
The shadow imp is heavily wounded.
The shadow imp misses you.
You barely miss the shadow imp. You bite the shadow imp.
The shadow imp is severely wounded.
The shadow imp completely misses you.
You hit the shadow imp but do no damage.
The shadow imp is severely wounded.
The shadow imp gestures at you. Pain shoots through your body!
You die...
Your body crumbles into a pile of gold.

#(##############.....##### #.#
#.....©.....#
#.############.#########.######
...............#8P.©.P8#......#
##############.#P.....P#.####.#
########## #.####'####.# #.#
.........# #.#.≈...≈o#.####.##
########.#####.#5≈...≈o#...|...#
#.......#@≈≈≈P≈5#.####..#
##.##..#.#.≈≈♣≈≈.#.# ##.# ####
#..##.#..#.≈≈≈≈≈.#.# #.# ...#
#..#..#..#.≈...≈.#.# #.# ##.#
#..#.##..#.≈...≈.#.# #.# #.#
##.#.#.#.####+####.# #.# #.#
#....##.#≈.?.=.≈#.# #.#
##.#####.#.###.#8P$©$P8#.# #.#
.........#.# #.#########.# ###.#


You could see 2 orc priests and 2 shadow imps.

Vanquished Creatures
  Pikel (D:6)
  A kobold demonologist (D:7)
  Grinder (D:4)
  4 yaks (D:6)
  Edmund (D:4)
  Menkaure (D:5)
  2 water moccasins (D:7)
  2 black bears (D:4)
  2 sky beasts
  2 ogres
  2 phantoms (D:6)
  2 bullfrogs
  2 necrophages
  6 scorpions
  A gnoll sergeant (D:7)
  3 hounds
  2 jellies
  A gnoll shaman (D:6)
  4 orc priests (D:7)
  Crazy Yiuf (D:2)
  4 iguanas
  5 orc wizards
  13 gnolls
  8 adders
  2 shadow imps
  A white imp (D:6)
  An ufetubus (D:6)
  A worm (D:2)
  A dart slug (D:3)
  20 orcs
  2 bats
  7 endoplasms
  5 giant cockroaches
  4 hobgoblins
  4 jackals (D:4)
  7 kobolds
  3 quokkas
  9 ball pythons
  4 frilled lizards
  5 goblins
  2 rats (D:2)
149 creatures vanquished.

Vanquished Creatures (others)
  A plant (D:7)
1 creature vanquished.

Grand Total: 150 creatures vanquished

Notes
Turn   | Place    | Note
-------+----------+-------------------------------------------
     0 | D:1      | epen the Gnoll Hunter began the quest for the Orb.
     0 | D:1      | Reached XP level 1. HP: 20/20 MP: 1/1
   291 | D:1      | Reached XP level 2. HP: 26/26 MP: 2/2
   425 | D:1      | Found Hoofret's Weapon Shop.
  1042 | D:2      | Reached XP level 3. HP: 31/31 MP: 3/3
  1174 | D:2      | Reached skill level 1 in Invocations
  1276 | D:2      | Reached skill level 1 in Short Blades
  1276 | D:2      | Reached skill level 1 in Long Blades
  1276 | D:2      | Reached skill level 1 in Axes
  1276 | D:2      | Reached skill level 1 in Maces & Flails
  1276 | D:2      | Reached skill level 1 in Polearms
  1276 | D:2      | Reached skill level 1 in Staves
  1276 | D:2      | Reached skill level 1 in Slings
  1276 | D:2      | Reached skill level 1 in Crossbows
  1276 | D:2      | Reached skill level 1 in Throwing
  1276 | D:2      | Reached skill level 1 in Armour
  1276 | D:2      | Reached skill level 1 in Shields
  1276 | D:2      | Reached skill level 1 in Unarmed Combat
  1276 | D:2      | Reached skill level 1 in Spellcasting
  1276 | D:2      | Reached skill level 1 in Evocations
  1298 | D:2      | Found a runed translucent door.
  1299 | D:2      | Noticed Crazy Yiuf
  1359 | D:2      | Reached XP level 4. HP: 38/38 MP: 5/5
  1538 | D:2      | Identified the +5 short sword of Focus {protect, rCorr
                  | Str-5 Int+5}
  1571 | D:2      | You fall into a shaft and drop 2 floors!
  1987 | D:3      | Reached skill level 1 in Conjurations
  1987 | D:3      | Reached skill level 1 in Hexes
  1987 | D:3      | Reached skill level 1 in Summonings
  1987 | D:3      | Reached skill level 1 in Necromancy
  1987 | D:3      | Reached skill level 1 in Translocations
  1987 | D:3      | Reached skill level 1 in Transmutations
  1987 | D:3      | Reached skill level 1 in Fire Magic
  1987 | D:3      | Reached skill level 1 in Ice Magic
  1987 | D:3      | Reached skill level 1 in Air Magic
  1987 | D:3      | Reached skill level 1 in Earth Magic
  1987 | D:3      | Reached skill level 1 in Poison Magic
  2462 | D:2      | Killed Crazy Yiuf
  2463 | D:2      | Reached XP level 5. HP: 12/43 MP: 5/7
  2469 | D:2      | HP: 2/43 [poisoned by Crazy Yiuf]
  2825 | D:4      | Found a glowing silver altar of Zin.
  2825 | D:4      | Found a burning altar of Makhleb.
  2825 | D:4      | Found a basalt altar of Yredelemnul.
  2953 | D:4      | Found a staircase to the Ecumenical Temple.
  2977 | Temple   | Entered the Ecumenical Temple
  3031 | Temple   | Became a worshipper of Gozag Ym Sagoz the Greedy
  3106 | D:4      | Reached XP level 6. HP: 50/50 MP: 8/8
  3151 | D:4      | Noticed Grinder
  3170 | D:4      | Killed Grinder
  3171 | D:4      | Reached skill level 5 in Fighting
  3171 | D:4      | Reached skill level 5 in Dodging
  3200 | D:4      | Found a white marble altar of Elyvilon.
  3296 | D:4      | Reached XP level 7. HP: 56/56 MP: 10/10
  3320 | D:4      | Found a bloodstained altar of Trog.
  3495 | D:4      | Found a shadowy altar of Dithmenos.
  3592 | D:4      | Noticed Edmund
  3631 | D:4      | Killed Edmund
  3632 | D:4      | Reached skill level 9 in Bows
  4047 | D:5      | Entered Level 5 of the Dungeon
  4065 | D:5      | Reached XP level 8. HP: 63/63 MP: 12/12
  4619 | D:5      | Found a hide-covered altar of Uskayaw.
  4619 | D:5      | Noticed a +0 dagger
  4619 | D:5      | Noticed a +0 short sword
  4620 | D:5      | Noticed a +0 dagger
  4620 | D:5      | Noticed a +0 falchion
  4620 | D:5      | Noticed a +0 spear
  4621 | D:5      | Noticed a +0 spear
  4621 | D:5      | Noticed a +0 short sword
  4622 | D:5      | Noticed a +0 falchion
  4656 | D:5      | Noticed Menkaure
  4670 | D:5      | Killed Menkaure
  5488 | D:6      | Found a runed translucent gate.
  5489 | D:6      | Found a runed translucent gate.
  5490 | D:6      | Found a runed translucent gate.
  5491 | D:6      | Found an opulent altar of Gozag.
  5492 | D:6      | Noticed Grinfader's ghost (amateur TrCA)
  5730 | D:6      | Reached XP level 9. HP: 69/69 MP: 14/14
  5983 | D:6      | Reached skill level 5 in Stealth
  6032 | D:6      | Noticed Pikel
  6042 | D:6      | Killed Pikel
  6043 | D:6      | Reached skill level 5 in Invocations
  6171 | D:6      | Found an ornate altar of the Wu Jian Council.
  6693 | D:7      | Reached XP level 10. HP: 51/77 MP: 17/17
  7148 | D:1      | Bought the +8 shortbow "Oneupon" {freeze, rN+ Str+3} for
                  | 817 gold pieces
  7386 | D:7      | Found a transporter.
  7412 | D:7      | Found a transporter.
  7435 | D:7      | Noticed a kobold demonologist
  7504 | D:7      | Reached skill level 5 in Short Blades
  7504 | D:7      | Reached skill level 5 in Long Blades
  7504 | D:7      | Reached skill level 5 in Axes
  7504 | D:7      | Reached skill level 5 in Maces & Flails
  7504 | D:7      | Reached skill level 5 in Polearms
  7504 | D:7      | Reached skill level 5 in Staves
  7504 | D:7      | Reached skill level 5 in Slings
  7504 | D:7      | Reached skill level 5 in Crossbows
  7504 | D:7      | Reached skill level 5 in Throwing
  7504 | D:7      | Reached skill level 5 in Armour
  7504 | D:7      | Reached skill level 5 in Shields
  7504 | D:7      | Reached skill level 5 in Unarmed Combat
  7504 | D:7      | Reached skill level 5 in Spellcasting
  7504 | D:7      | Reached skill level 5 in Evocations
  7899 | D:7      | Reached skill level 10 in Bows
  7902 | D:7      | Noticed a smoke demon
  7923 | D:7      | Killed a kobold demonologist
  7931 | D:7      | Killed from afar by a shadow imp

Illustrated notes

Levels and vault maps discovered:
D:1:      dpeg_arrival_arbitrary_a, layout_loops_corners, serial_shops, shop
D:2:      layout_loops_cross, serial_bayou_crossing, uniq_crazy_yiuf_cottage
D:3:      layout_loops_ring
D:4:      layout_gridville, elyvilon_altar_5, nicolae_dithmenos_the_darkroom,
          trog_ov_bears_minmay, gammafunk_temple_overflow_claw, temple_pool_b,
          uniq_edmund, uniq_grinder
D:5:      layout_layer_cave, nicolae_uskayaw_en_pointe, serial_rivers,
          chequers_serial_rivers_small_3, chequers_serial_rivers_micro_c,
          chequers_serial_rivers_large_a, chequers_serial_rivers_large_b,
          corexii_corridor_pit, uniq_menkaure
D:6:      layout_loops_corners, nicolae_wu_jian_glorious_leap,
          ebering_ghost_gozag, uniq_pikel
D:7:      gammafunk_wand_slinger, layout_loops_ring
Temple:   cyrus_circular_temple

Skill      XL: |  1  2  3  4  5  6  7  8  9 10 |
---------------+-------------------------------+-----
Invocations    | 1 2 3 4 5 |  5.6
Short Blades   | 1 2 3 4 5 |  5.1
Long Blades    | 1 2 3 4 5 |  5.1
Axes           | 1 2 3 4 5 |  5.1
Maces & Flails | 1 2 3 4 5 |  5.1
Polearms       | 1 2 3 4 5 |  5.1
Staves         | 1 2 3 4 5 |  5.1
Slings         | 1 2 3 4 5 |  5.1
Crossbows      | 1 2 3 4 5 |  5.1
Throwing       | 1 2 3 4 5 |  5.1
Armour         | 1 2 3 4 5 |  5.1
Shields        | 1 2 3 4 5 |  5.1
Unarmed Combat | 1 2 3 4 5 |  5.1
Spellcasting   | 1 2 3 4 5 |  5.1
Evocations     | 1 2 3 4 5 |  5.1
Conjurations   | 1 2 3 4 |  4.2
Hexes          | 1 2 3 4 |  4.2
Summonings     | 1 2 3 4 |  4.2
Necromancy     | 1 2 3 4 |  4.2
Translocations | 1 2 3 4 |  4.2
Transmutations | 1 2 3 4 |  4.2
Fire Magic     | 1 2 3 4 |  4.2
Ice Magic      | 1 2 3 4 |  4.2
Air Magic      | 1 2 3 4 |  4.2
Earth Magic    | 1 2 3 4 |  4.2
Poison Magic   | 1 2 3 4 |  4.2
Fighting       | 5 6 |  6.9
Dodging        | 5 6 |  6.9
Stealth        | 3 4 5 |  5.7
Bows           | 9 10 | 10.0

Action                   |  1- 3 |  4- 6 |  7- 9 | 10-12 || total
-------------------------+-------+-------+-------+-------++-------
Melee: Short sword       |       |     7 |    54 |       ||    61
       Bite              |       |     2 |    27 |     3 ||    32
       Flail             |       |       |    77 |    35 ||   112
       Punch             |       |       |     5 |     2 ||     7
 Fire: Shortbow          |    63 |   110 |   193 |    60 ||   426
  Use: Scroll            |       |       |    17 |     1 ||    18
       Potion            |       |       |       |     2 ||     2
 Stab: Distracted        |       |       |     1 |       ||     1
Armor: Leather armour    |     1 |     6 |    30 |    27 ||    64
Dodge: Dodged            |     7 |    39 |   176 |    98 ||   320
Block: Other             |       |     5 |    42 |    22 ||    69
       Reflection        |       |       |     2 |     1 ||     3

Table legend: (Time is in decaauts)
 A = Elapsed time spent in this place.
 B = Non-inter-level travel time spent in this place.
 C = Inter-level travel time spent in this place.
 D = Time resting spent in this place.
 E = Time spent auto-exploring this place.
 F = Levels seen in this place.
 G = Mean time per level.
                   A        B        C        D        E       F      G
               +--------+--------+--------+--------+--------+-----+--------+
         Total |   8034 |   7455 |    579 |    389 |   5865 |   8 | 1004.2 |
       Dungeon |   7966 |   7399 |    567 |    389 |   5827 |   7 | 1138.0 |
        Temple |     67 |     55 |     12 |      0 |     38 |   1 |   67.0 |
               +--------+--------+--------+--------+--------+-----+--------+

Top non-repeatable levels by time:
     D:5: 1381 daAuts
     D:6: 1366 daAuts
     D:4: 1235 daAuts
     D:2: 1124 daAuts
     D:1: 1104 daAuts
     D:7: 1015 daAuts
     D:3: 738 daAuts
  Temple: 67 daAuts
